 Dungeon Crawl Stone Soup version 0.19-a0-1091-g463c9de (webtiles) character file.

93 Jmtri7 the Cudgeler (level 4, 0/48 HPs)
             Began as an Ogre Monk on Aug 7, 2016.
             Slain by Sigmund
             ... wielding a +0 scythe
              (12 damage)
             ... on level 3 of the Dungeon.
             The game lasted 00:03:12 (1924 turns).

Jmtri7 the Cudgeler (Ogre Monk)                     Turns: 1924, Time: 00:03:12

Health: 0/48       AC:  4    Str: 21    XL:     4   Next: 62%
Magic:  4/4        EV: 10    Int:  9    God:
Gold:   51         SH:  0    Dex: 12    Spells: 0 memorised, 3 levels left

rFire  . . .     SeeInvis .     a - +0 mace
rCold  . . .     Gourm    .     b - +0 robe
rNeg   . . .     Faith    .     (no shield)
rPois  .         Spirit   .     (helmet restricted)
rElec  .         Dismiss  .     i - +0 cloak
rCorr  .         Reflect  .     (gloves unavailable)
SustAt .         Harm     .     (boots unavailable)
MR     .....                    (no amulet)
Stlth  ++........               (no ring)
                                h - +4 ring of strength

@:
A: unfitting armour, tough skin 1
a: no special abilities


You were on level 3 of the Dungeon.
You were not hungry.

You visited 1 branch of the dungeon, and saw 3 of its levels.

You collected 51 gold pieces.

Inventory:

Hand Weapons
 a - a +0 mace (weapon)
Armour
 b - a +0 robe (worn)
 i - a +0 cloak (worn)
Jewellery
 h - a +4 ring of strength (left hand)
Scrolls
 d - a scroll of noise {unknown}
 e - 4 scrolls of remove curse {unknown}
 f - a scroll of teleportation {unknown}
 g - 3 scrolls of enchant weapon {unknown}
 j - 2 scrolls of identify {unknown}
 o - a scroll of recharging {unknown}
Potions
 k - a potion of invisibility {unknown}
 m - a potion of heal wounds {unknown}
 n - 2 potions of haste {unknown}
Comestibles
 c - 3 bread rations
 l - 8 chunks of flesh


   Skills:
 - Level 4.0 Fighting
 + Level 6.9 Maces & Flails
 - Level 2.6 Dodging
 - Level 1.5 Stealth


You had 3 spell levels left.
You didn't know any spells.

Dungeon Overview and Level Annotations

Branches:
Dungeon (3/15)

Altars:

Annotations:
D:3 Sigmund


Innate Abilities, Weirdness & Mutations

You are too large for most types of armour.
You have tough skin. (AC +1)


Message History

A giant newt comes into view.
The giant newt hisses angrily.
The giant newt misses you.
You miss the giant newt.
Sigmund mumbles some strange words.
Sigmund flickers and vanishes!
Deactivating autopickup; reactivate with Ctrl-A.
The giant newt barely misses you.
You completely miss the giant newt. The giant newt misses you.
You completely miss the giant newt. The giant newt bites you.
Something hits you.
You sock the giant newt!
You kill the giant newt!
Something hits you!
You barely miss something. Something hits you!
You sock something! You sock something! Something hits you!
* * * LOW HITPOINT WARNING * * *
You closely miss something. Something hits you!
You die...

### #.. ..# #.# #.#
#.# #.# #.#.##.####
#.#.......# #.##
#.# #..# #{#
###''###@#
#......#.#
###.#..#.#.# #.
#.'..≈≈..'.# #.#
#.'..≈§§.'.# #.#
#.#.#§.#.###
#####.# ####
#######.#......##..
......###...
........###++####.#
##...#..(.
####.#####... #.#
#.....÷...


There were no monsters in sight!

Vanquished Creatures
  3 adders (D:2)
  An ooze (D:1)
  A worm (D:3)
  2 giant geckos (D:2)
  2 giant cockroaches (D:1)
  5 goblins
  11 hobgoblins
  11 jackals
  A quokka (D:2)
  2 bats (D:3)
  5 giant newts
  6 kobolds
  A rat (D:2)
51 creatures vanquished.

Notes
Turn   | Place    | Note
-------+----------+-------------------------------------------
     0 | D:1      | Jmtri7 the Ogre Monk began the quest for the Orb.
     0 | D:1      | Reached XP level 1. HP: 24/24 MP: 1/1
   116 | D:1      | Reached XP level 2. HP: 27/32 MP: 2/2
   269 | D:1      | Reached skill level 5 in Maces & Flails
   734 | D:1      | Reached XP level 3. HP: 36/39 MP: 3/3
  1106 | D:2      | Reached skill level 6 in Maces & Flails
  1580 | D:2      | Reached XP level 4. HP: 48/48 MP: 4/4
  1910 | D:3      | Noticed Sigmund
  1924 | D:3      | Slain by Sigmund

Vault maps used:
D:1:      erik_arrival_blinker_ship, serial_park_tiny_2
D:3:      first_bread, kennysheep_generic_room_15, uniq_sigmund

Skill      XL: |  1  2  3 |
---------------+----------+-----
Maces & Flails | 5 6 |  6.9
Fighting       | |  4.0
Dodging        | |  2.6
Stealth        | |  1.5

Action                   |  1- 3 |  4- 6 || total
-------------------------+-------+-------++-------
Melee: Mace              |   114 |    40 ||   154
 Stab: Sleeping          |     2 |       ||     2
  Eat: Chunk             |     2 |     1 ||     3
Armor: Robe              |    35 |    13 ||    48
Dodge: Dodged            |    69 |    15 ||    84
